 Seeded DCSS version 0.31-a0-128-g25add195a6 (webtiles) character file.

Game seed: 4191116242249289706 (custom seed)

834 Pimp the Poker (level 7, -3/56 HPs)
             Began as a Merfolk Fighter on June 1, 2023.
             Was an Initiate of Cheibriados.
             Slain by an ogre
             ... wielding a +0 giant spiked club
              (30 damage)
             ... on level 5 of the Dungeon.
             The game lasted 00:06:57 (3722 turns).

Pimp the Poker (Merfolk Fighter)                    Turns: 3722, Time: 00:06:57

Health: -3/56      AC: 10    Str: 17    XL:     7   Next: 98%
Magic:  7/7        EV: 10    Int: 10    God:    Cheibriados [......]
Gold:   154        SH:  6    Dex: 23    Spells: 6/6 levels left

rFire   . . .        a - +0 trident
rCold   . . .        c - +0 buckler
rNeg    . . .        o - +1 chain mail
rPois   .            (no helmet)
rElec   +            (no cloak)
rCorr   .            (no gloves)
SInv    +            (no boots)
Will    .....        (no amulet) Stlth
                     k - ring "Likkacauch" {rElec Dex+2 SInv}
HPRegen 0.29/turn    q - +6 ring of dexterity
MPRegen 0.10/turn

%: no passive effects
@: very slow
A: (nimble swimmer 2), mertail
a: Renounce Religion


You were on level 5 of the Dungeon.
You worshipped Cheibriados.
Cheibriados was noncommittal.
You visited 2 branches of the dungeon, and saw 6 of its levels.

You collected 154 gold pieces.

Inventory:

Hand Weapons
 a - a +0 trident (weapon)
Armour
 b - a +0 scale mail
 c - a +0 buckler (worn)
 o - a +1 chain mail (worn)
Jewellery
 e - a ring of wizardry
 k - the ring "Likkacauch" (left hand) {rElec Dex+2 SInv}
   (You acquired it on level 5 of the Dungeon)

   [ring of see invisible]

   Dex:       It affects your dexterity (+2).
   rElec:     It insulates you from electricity.
   SInv:      It lets you see invisible.
 q - a +6 ring of dexterity (right hand)
Wands
 l - a wand of digging (5)
Scrolls
 f - a scroll of fog
 g - a scroll of enchant armour
 h - 3 scrolls of identify
 r - 2 scrolls of fear
 t - a scroll of teleportation
Potions
 d - a potion of might
 j - 2 potions of brilliance
 n - 2 potions of lignification {unknown}
 s - 2 potions of mutation {unknown}
 u - 2 potions of enlightenment {unknown}


   Skills:
 + Level 5.3 Fighting
 + Level 5.7 Polearms
 + Level 3.6 Armour
 + Level 4.5 Dodging
 + Level 4.9 Shields


You had 6 spell levels left.
You didn't know any spells.
Your spell library contained the following spells:

 Spells                   Type           Power      Damage    Failure   Level
 Static Discharge         Conj/Air       0%         2-2/arc   100%        2
 Airstrike                Air            0%         2d(0-16)  100%        4
 Summon Lightning Spire   Summ/Air       0%         N/A       100%        4


Dungeon Overview and Level Annotations

Branches:
Dungeon (5/15)             Temple (1/1) D:4

Altars:
Cheibriados
Makhleb
Sif Muna
Trog
Zin

Shops:
D:1 :   D:3 [


Innate Abilities, Weirdness & Mutations

((You are very nimble when in or above water. (Stealth+, EV+, Speed+++)))
Your lower body shifts to a powerful aquatic tail in water.


Message History

a +0 club; a +0 ring mail; the goblin corpse of Ijyb
There is a stone staircase leading down here.
You start resting.
HP restored.
You see here a +0 leather armour.
Found an escape hatch in the ceiling.
s - 2 sedimented ruby potions (gained 1)
You see here a +0 chain mail.
An ogre comes into view. It is wielding a +0 giant spiked club.
The ogre shouts!
An ogre is nearby!
You puncture the ogre!
The ogre is moderately wounded.
An adder comes into view.
You block the ogre's attack.
The adder hisses angrily.
You hit the ogre but do no damage.
The ogre is moderately wounded.
You block the ogre's attack.
You barely miss the ogre.
The ogre is moderately wounded.
The adder attacks as you move away! The adder bites you but does no damage.
You block the ogre's attack. You block the adder's attack.
You puncture the adder!
The adder is severely wounded.
The adder barely misses you.
You hit the adder.
The adder is almost dead.
You block the adder's attack.
The ogre hits you with a +0 giant spiked club!!
You block the adder's attack.
You miss the adder.
The adder is almost dead.
You block the adder's attack.
The ogre hits you with a +0 giant spiked club!
You feel better. The adder bites you but does no damage.
The ogre hits you with a +0 giant spiked club!!
Ouch! That really hurt!
You die...

#############
#...........# .
#....O......##
.(##....S@......#
........#####...#
####....# #...####
####....#####......#######
...').^....).........)...)
####....#####.........####
####.## #.........#
#..####......####
##.##........#


You could see an ogre and an adder.

Vanquished Creatures
  Sigmund (D:5)
  2 black bears (D:5)
  A phantom (D:3)
  A scorpion (D:4)
  An orc priest (D:5)
  Jessica (D:3)
  3 orc wizards
  Ijyb (D:5)
  3 iguanas
  5 adders
  2 worms
  A dart slug (D:1)
  8 orcs
  3 bats (D:3)
  7 endoplasms
  3 giant cockroaches (D:1)
  5 goblins
  6 hobgoblins
  3 jackals (D:3)
  6 kobolds
  3 quokkas
  2 ball pythons (D:4)
  2 frilled lizards (D:1)
  7 rats
77 creatures vanquished.

Notes
Turn   | Place    | Note
-------+----------+-------------------------------------------
     0 | D:1      | Pimp the Merfolk Fighter began the quest for the Orb.
     0 | D:1      | Reached XP level 1. HP: 18/18 MP: 1/1
   138 | D:1      | Reached XP level 2. HP: 24/24 MP: 2/2
   411 | D:1      | Found Himatz's Book Shoppe.
   655 | D:1      | Found a faded altar of an unknown god.
   747 | D:2      | Reached XP level 3. HP: 22/29 MP: 3/3
   858 | D:2      | Reached skill level 1 in Dodging
  1038 | D:2      | You fall into a shaft and drop 2 floors!
  1604 | D:3      | Reached XP level 4. HP: 30/37 MP: 4/4
  1654 | D:3      | Noticed a phantom
  1671 | D:3      | Killed a phantom
  1672 | D:3      | Reached XP level 5. HP: 25/42 MP: 5/5
  1788 | D:3      | Noticed Jessica
  1798 | D:3      | Killed Jessica
  1851 | D:3      | Found Omie's Armour Shoppe.
  2395 | D:4      | Reached XP level 6. HP: 49/49 MP: 6/6
  2654 | D:4      | Found a staircase to the Ecumenical Temple.
  2695 | Temple   | Entered the Ecumenical Temple
  2749 | Temple   | Became a worshipper of Cheibriados the Contemplative
  3072 | D:5      | Entered Level 5 of the Dungeon
  3090 | D:5      | Noticed a black bear
  3285 | D:5      | Identified a scroll of acquirement
  3285 | D:5      | Acquired the ring "Likkacauch" {rElec Dex+2 SInv}
  3294 | D:5      | Killed a black bear
  3295 | D:5      | Reached XP level 7. HP: 55/55 MP: 7/7
  3356 | D:5      | Reached skill level 5 in Polearms
  3357 | D:5      | Noticed Sigmund
  3374 | D:5      | Killed Sigmund
  3375 | D:5      | Reached skill level 5 in Fighting
  3620 | D:5      | Noticed Ijyb
  3632 | D:5      | Killed Ijyb
  3722 | D:5      | Slain by an ogre

Illustrated notes

Levels and vault maps discovered:
D:1:      eino_arrival_water_star, layout_basic, serial_shops, shop,
          serial_forest, infiniplex_forest_lined_2,
          infiniplex_forest_straight_1, infiniplex_forest_clump_small,
          infiniplex_forest_lined_3, infiniplex_forest_end_double,
          infiniplex_forest_straight_5,
          dreamdust_ecumenical_altar_hidden_monk_grotto
D:2:      layout_basic
D:3:      layout_rooms, serial_shops, shop, minivault_4, chequers_garden,
          interstate_on_off, amcnicky_mini_corridor_feature, uniq_jessica
D:4:      layout_gridville, temple_doors_cd
D:5:      layout_basic, uniq_menkaure, uniq_ijyb, uniq_eustachio, uniq_duvessa,
          uniq_sigmund
Temple:   mainiacjoe_temple_big_plus

Skill      XL: |  1  2  3  4  5  6  7 |
---------------+----------------------+-----
Polearms       | 3 4 5 |  5.7
Dodging        | 1 2 3 4 |  4.5
Fighting       | 4 5 |  5.3
Armour         | 3 |  3.6
Shields        | 4 |  4.9

Action                     |  1- 3 |  4- 6 |  7- 9 || total
---------------------------+-------+-------+-------++-------
  Melee: Trident           |   105 |   143 |    79 ||   327
    Use: Scroll            |     9 |     4 |       ||    13
         Potion            |       |     5 |     1 ||     6
 Armour: Scale mail        |    32 |       |       ||    32
         Chain mail        |    12 |    56 |    23 ||    91
  Dodge: Dodged            |    30 |    36 |    23 ||    89
  Block: Buckler           |    13 |    42 |    18 ||    73

Table legend: (Time is in decaauts)
 A = Elapsed time spent in this place.
 B = Non-inter-level travel time spent in this place.
 C = Inter-level travel time spent in this place.
 D = Time resting spent in this place.
 E = Time spent auto-exploring this place.
 F = Levels seen in this place.
 G = Mean time per level.
                   A        B        C        D        E       F      G
               +--------+--------+--------+--------+--------+-----+--------+
         Total |   3916 |   3591 |    325 |    365 |   2483 |   6 |  652.7 |
       Dungeon |   3755 |   3504 |    251 |    365 |   2398 |   5 |  751.0 |
        Temple |    161 |     88 |     73 |      0 |     85 |   1 |  161.0 |
               +--------+--------+--------+--------+--------+-----+--------+

Top non-repeatable levels by time:
     D:3: 913 daAuts
     D:4: 823 daAuts
     D:2: 764 daAuts
     D:1: 686 daAuts
     D:5: 567 daAuts
  Temple: 161 daAuts
